Map: Ice and Chrome LE

Players

PtitDrogo

  • Race: Protoss Protoss
  • League: Master
  • Spawn Location: 7:00

uwuThermal (uThermal) - Winner!

  • Race: Terran Terran
  • League: Grandmaster
  • Spawn Location: 1:00

VOD

Have the link to the VOD?

Description

Time

  • Played on: Aug. 22, 2020, 8:28 a.m.
  • Length: 11:05
Show
View Real Time Build Order
Export as new Build Order

PtitDrogo Protoss 

Build Orders: 1 Gate Expand, Blink Stalkers 

Get SALT Encoding   

  12  0:00  Probe  
  13  0:12  Probe  
  14  0:17  Pylon  
  14  0:24  Probe  
  15  0:35  Gateway  
  15  0:36  Probe (Chrono Boost)  
  16  0:45  Probe (Chrono Boost)  
  16  0:46  Assimilator  
  17  0:51  Probe  
  18  1:03  Probe  
  19  1:15  Probe  
  20  1:22  Cybernetics Core  
  20  1:31  Nexus  
  20  1:37  Pylon  
  20  1:41  Probe  
  20  1:45  Assimilator  
  21  1:53  Probe  
  21  1:55  Stalker (Chrono Boost)  
  23  2:05  Probe  
  23  2:08  Warp Gate  
  24  2:17  Probe  
  24  2:18  Adept  
  27  2:32  Shield Battery  
  27  2:36  Probe (Chrono Boost)  
  28  2:42  Twilight Council  
  28  2:44  Probe (Chrono Boost)  
  28  2:48  Stalker, Probe (Chrono Boost)  
  32  2:53  Probe (Chrono Boost)  
  32  2:55  Probe (Chrono Boost)  
  34  2:58  Probe (Chrono Boost)  
  32  3:14  Probe (Chrono Boost)  
  32  3:19  Probe (Chrono Boost)  
  33  3:26  Probe (Chrono Boost)  
  33  3:27  Blink  
  35  3:28  Probe (Chrono Boost)  
  35  3:30  Robotics Facility  
  35  3:32  Probe  
  36  3:40  Probe (Chrono Boost)  
  37  3:45  Probe (Chrono Boost)  
  38  3:55  Probe (Chrono Boost), Gateway x2  
  40  3:56  Probe (Chrono Boost)  
  40  4:00  Probe (Chrono Boost)  
  41  4:03  Probe  
  42  4:11  Probe  
  42  4:12  Stalker  
  42  4:15  Probe  
  35  4:29  Probe x2  
  37  4:35  Observer  
  38  4:40  Stalker  
  40  4:50  Probe (Chrono Boost)  
  42  4:53  Probe (Chrono Boost)  
  42  4:54  Stalker  
  42  4:56  Pylon  
  44  5:00  Assimilator  
  44  5:02  Probe (Chrono Boost), Assimilator  
  44  5:06  Robotics Bay  
  46  5:07  Probe (Chrono Boost)  
  46  5:08  Forge  
  46  5:10  Pylon  
  46  5:13  Probe (Chrono Boost)  
  46  5:16  Probe (Chrono Boost)  
  46  5:17  Pylon  
  48  5:21  Observer  
  48  5:25  Probe (Chrono Boost)  
  51  5:33  Probe x2 (Chrono Boost)  
  51  5:34  Stalker x2  
  56  5:39  Probe x2  
  56  5:40  Stalker  
  52  6:00  Stalker x2  
  52  6:09  Colossus (Chrono Boost), Probe x2, Protoss Ground Weapons Level 1  
  56  6:21  Probe x2  
  57  6:28  Nexus  
  57  6:31  Zealot, Sentry  
  61  6:33  Probe x2  
  63  6:40  Extended Thermal Lance  
  63  6:42  Pylon  
  63  6:45  Probe  
  64  6:54  Colossus (Chrono Boost)  
  70  7:02  Pylon  
  70  7:03  Probe x2  
  70  7:05  Zealot x2  
  70  7:08  Zealot  
  78  7:13  Charge  
  78  7:20  Probe x2  
  78  7:22  Pylon  
  80  7:33  Probe x2  
  82  7:38  Colossus (Chrono Boost)  
  82  7:42  Stalker x3  
  85  8:00  Nexus  
  83  8:14  Probe  
  83  8:15  Probe  
  83  8:16  Pylon  
  83  8:18  Protoss Ground Armor Level 1 (Chrono Boost)  
  85  8:26  Probe  
  86  8:27  Immortal (Chrono Boost)  
  86  8:32  Probe  
  86  8:34  Pylon  
  91  8:38  Probe  
  92  8:44  Stalker x3, Probe  
  99  8:50  Probe  
  99  8:51  Shield Battery  
  100  8:57  Gateway x2  
  100  9:00  Gateway  
  100  9:02  Observer  
  101  9:04  Probe  
  101  9:07  Sentry x2  
  106  9:11  Stalker  
  106  9:16  Pylon  
  108  9:18  Observer  
  108  9:19  Probe x2  
  108  9:20  Probe  
  111  9:25  Assimilator  
  111  9:26  Assimilator  
  111  9:29  Templar Archives  
  111  9:34  Pylon  
  111  9:40  Phoenix  
  111  9:45  Shield Battery, Immortal (Chrono Boost)  
  115  9:54  Gateway  
  115  9:57  Robotics Facility  
  115  9:58  Gateway  
  115  10:01  Stalker x2  
  119  10:15  High Templar x4  
  127  10:22  Archon x2  
  125  10:28  Stalker x2  
  125  10:34  Forge  
  129  10:36  Pylon  
  129  10:37  Pylon  
  129  10:38  Pylon  
  91  10:50  Stalker x5  
  91  10:51  Zealot x2  
  91  10:55  Zealot  
Show
View Real Time Build Order
Export as new Build Order

uwuThermal Terran - Winner!

Build Orders:  

Get SALT Encoding   

  12  0:01  SCV  
  13  0:13  SCV  
  14  0:17  Supply Depot  
  14  0:25  SCV  
  15  0:39  SCV  
  15  0:40  Barracks  
  16  0:51  SCV  
  16  0:53  Barracks  
  17  1:00  Supply Depot  
  17  1:03  SCV  
  18  1:15  SCV  
  19  1:27  Marine  
  19  1:28  Orbital Command  
  20  1:40  Marine  
  20  1:45  Marine  
  22  1:53  SCV  
  23  1:57  Marine  
  24  2:03  Marine  
  24  2:04  Command Center  
  24  2:07  SCV  
  26  2:15  Marine  
  26  2:19  SCV, Supply Depot  
  26  2:21  Marine  
  29  2:30  Refinery x2  
  29  2:31  SCV  
  29  2:34  Marine  
  31  2:40  Marine  
  31  2:43  SCV  
  33  2:52  Barracks  
  33  2:54  Marine  
  33  2:55  SCV  
  33  2:58  Marine  
  36  3:07  SCV  
  36  3:14  Barracks Tech Lab  
  36  3:18  Orbital Command  
  35  3:20  SCV  
  35  3:21  Barracks Reactor  
  33  3:27  Bunker  
  33  3:32  SCV  
  33  3:33  Marauder, Stimpack  
  36  3:39  Barracks Tech Lab  
  36  3:44  SCV x2  
  38  3:53  Engineering Bay  
  38  3:55  Marauder  
  40  3:56  SCV x2  
  40  3:57  Marine x2  
  44  4:08  SCV x2, Combat Shield  
  42  4:12  Marine  
  42  4:16  Marine  
  40  4:20  SCV, Marauder  
  40  4:21  SCV  
  40  4:23  Marine  
  41  4:30  Marauder  
  43  4:32  SCV  
  43  4:33  SCV, Marine  
  46  4:41  Marine x2  
  46  4:44  SCV  
  48  4:47  SCV  
  48  4:51  Marauder  
  48  4:56  SCV, Factory  
  48  4:59  SCV, Marauder  
  51  5:02  Marine  
  51  5:03  Supply Depot  
  52  5:08  SCV  
  52  5:11  SCV  
  52  5:13  Supply Depot  
  54  5:23  Terran Infantry Weapons Level 1  
  54  5:24  Marine  
  54  5:25  SCV x2, Marauder  
  54  5:27  Marine x2  
  61  5:33  Supply Depot  
  61  5:37  SCV  
  61  5:40  Starport  
  61  5:41  Factory Reactor  
  61  5:42  Marine  
  62  5:43  SCV  
  62  5:45  Marine  
  62  5:49  SCV  
  65  5:50  Marine  
  65  5:51  Marauder  
  64  6:00  Marine  
  64  6:02  Marine  
  62  6:09  Marauder  
  62  6:10  SCV, Refinery  
  62  6:11  Refinery  
  60  6:12  Marine  
  60  6:15  SCV  
  60  6:18  Marine  
  63  6:22  SCV  
  63  6:24  Marine  
  65  6:27  SCV  
  65  6:28  Medivac x2  
  65  6:30  Marauder x2  
  65  6:32  Supply Depot  
  74  6:33  Supply Depot  
  74  6:35  SCV  
  74  6:36  Marine  
  76  6:44  Command Center  
  76  6:46  Marine  
  77  6:51  Marine, Concussive Shells  
  77  6:53  Marine  
  77  6:54  Marauder  
  81  6:58  Supply Depot, Medivac  
  81  7:01  Medivac  
  85  7:05  Marine  
  86  7:09  Marauder  
  88  7:16  Marine  
  88  7:18  Marine  
  88  7:19  Barracks x2  
  90  7:23  SCV x2  
  90  7:24  Supply Depot  
  90  7:25  Marine  
  90  7:29  Supply Depot  
  93  7:30  Marine  
  93  7:36  Medivac x2  
  98  7:44  Marine  
  98  7:45  Marauder  
  98  7:50  Marine  
  98  7:51  Marauder  
  90  8:00  SCV  
  90  8:02  SCV, Marine  
  88  8:06  Marauder  
  88  8:07  Barracks Tech Lab  
  88  8:08  Barracks Tech Lab  
  91  8:14  Viking x2, Marine  
  91  8:15  Marauder  
  96  8:20  Marine  
  96  8:23  Terran Infantry Armor Level 1  
  97  8:27  Orbital Command  
  97  8:28  Marine  
  97  8:29  Marine, Marauder  
  97  8:32  SCV  
  97  8:34  SCV, Marine  
  103  8:36  Marine  
  105  8:44  Viking x2  
  105  8:45  Marine  
  110  8:49  Marine, Ghost Academy  
  110  8:52  SCV x2  
  110  8:53  SCV  
  114  8:58  Supply Depot  
  114  8:59  Marine  
  114  9:00  Marine  
  114  9:02  Marauder  
  118  9:04  SCV, Marine  
  118  9:05  Marine  
  121  9:11  Supply Depot  
  121  9:14  Viking x2  
  125  9:19  SCV  
  125  9:20  SCV  
  125  9:23  Supply Depot  
  127  9:25  Ghost x2  
  127  9:27  Ghost  
  127  9:29  Ghost  
  135  9:35  Missile Turret x2  
  135  9:36  Marine  
  135  9:37  Marine  
  137  9:39  SCV  
  137  9:44  Viking x2  
  142  9:47  Supply Depot  
  142  9:50  SCV  
  142  9:51  SCV x2  
  145  9:54  Marine x3  
  145  9:56  Marine, Marauder  
  145  9:58  Supply Depot  
  150  10:00  Marauder  
  152  10:09  Supply Depot  
  152  10:12  Marine x2  
  152  10:13  Marauder  
  87  10:14  Viking, Marine  
  156  10:18  Marauder  
  160  10:22  Viking  
  160  10:24  Marine, Supply Depot  
  163  10:29  Marine  
  163  10:30  Marauder  
  163  10:32  Marine  
  163  10:34  Marauder  
  169  10:39  Marauder  
  169  10:42  Marauder  
Tags
 
Add a new tag
Caveats
  • Supply blocks, unpowered buildings, or Contaminate may cause inaccurate times.
  • Supply counts are checked every 10 seconds.